 Dungeon Crawl Stone Soup version 0.27.1-3-gb3d3a73c9e (webtiles) character file.

Game seed: 9010443143716067567

17 BOMJPIETVODKU the Firebug (level 2, -3/20 HPs)
             Began as a Draconian Fire Elementalist on Oct 28, 2021.
             Slain by Terence (7 damage)
             ... on level 2 of the Dungeon.
             The game lasted 00:02:27 (825 turns).

BOMJPIETVODKU the Firebug (DrFE)                     Turns: 825, Time: 00:02:27

Health: -3/20      AC:  4    Str: 10    XL:     2   Next: 44%
Magic:  0/5        EV: 12    Int: 15    God:
Gold:   20         SH:  5    Dex: 11    Spells: 4/5 levels left

rFire    . . .     SeeInvis .   d - +0 short sword
rCold    . . .     Faith    .   (no shield)
rNeg     . . .     Spirit   .   (armour unavailable)
rPois    .         Reflect  +   (helmet restricted)
rElec    .         Harm     .   (no cloak)
rCorr    .         Rampage  .   (no gloves)
Will     .....                  (no boots)
Stlth    ++........             e - amulet of reflection
HPRegen  0.06/turn              (no ring)
MPRegen  0.09/turn              (no ring)

@: no status effects
A: AC +4, unfitting armour, cold-blooded
a: no special abilities


You were on level 2 of the Dungeon.
You visited 1 branch of the dungeon, and saw 2 of its levels.

You collected 20 gold pieces.

Inventory:

Hand Weapons
 c - a +0 dagger
 d - a +0 short sword (weapon)
Jewellery
 e - an amulet of reflection (around neck)
Scrolls
 a - 2 scrolls of identify
Potions
 b - a potion of attraction {unknown}
 f - a potion of berserk rage


   Skills:
 - Level 1.8 Dodging
 - Level 1.8 Stealth
 * Level 2.2 Spellcasting
 + Level 1.2 Conjurations
 + Level 3.5 Fire Magic


You had 4 spell levels left.
You knew the following spells:

 Your Spells              Type           Power      Damage    Failure   Level
a - Foxfire               Conj/Fire      32%        2x1d5     9%          1

Your spell library contained the following spells:

 Spells                   Type           Power      Damage    Failure   Level
 Conjure Flame            Conj/Fire      8%         6-21      24%         3
 Inner Flame              Hex/Fire       6%         N/A       32%         3
 Sticky Flame             Conj/Fire      8%         2d3       63%         4
 Fireball                 Conj/Fire      4%         3d4       92%         5


Dungeon Overview and Level Annotations

Branches:
Dungeon (2/15)

Altars:

Annotations:
D:2 Terence


Innate Abilities, Weirdness & Mutations

Your plain brown scales are hard. (AC +4)
You cannot fit into any form of body armour.
You are cold-blooded and may be slowed by cold attacks.


Message History

(D) Dungeon
Where to? (? - help)
There is a stone staircase leading down here.
You climb downwards.
There is a stone staircase leading up here.
A bat is nearby!
The helpless bat fails to defend itself.
You puncture the bat!
You kill the bat!
Found a stone staircase leading down.
Found a faded altar of an unknown god.
Found 10 gold pieces.
You now have 20 gold pieces (gained 10).
Terence the Incautious comes into view.
He is wielding a +2 mace of holy wrath.
Terence is nearby!
Terence shouts!
Found an escape hatch in the floor.
You conjure some foxfire!
Terence drinks a potion.
Terence seems to speed up.
You conjure some foxfire!
The foxfire hits Terence but does no damage.
You conjure some foxfire!
The foxfire hits Terence but does no damage.
The foxfire hits Terence.
Terence is lightly wounded.
The foxfire hits Terence but does no damage.
Terence is lightly wounded.
You conjure some foxfire!
The foxfire hits Terence but does no damage.
Terence is lightly wounded.
Terence misses you.
You conjure some foxfire!
The foxfire hits Terence.
Terence is moderately wounded.
The foxfire hits Terence but does no damage.
Terence is moderately wounded.
Terence hits you with a +2 mace of holy wrath! x2
* * * LOW HITPOINT WARNING * * *
You are too injured to fight recklessly!
Your foxfire dissipates!
Terence hits you with a +2 mace of holy wrath!
You die...

#.#...≈≈_≈≈...# ..
#.#...≈≈.≈≈...# ...
#.#...≈.≈.≈...#....
#.#..≈.≈.≈.≈..#....
##.#≈.≈...≈.≈#.....
##..≈.....§.......
##.#....v#......>
#..#####........
#.#...@@#§......
#...#.#.#.......
#####.#.#......#
#.#.######.# #.#.#
# #.#.# ..#.. ###.#
...


You could see Terence (fast).

Vanquished Creatures
  A dart slug (D:1)
  2 bats
  An endoplasm (D:1)
  A goblin (D:1)
  2 hobgoblins (D:1)
  2 kobolds (D:1)
  A ball python (D:1)
  A frilled lizard (D:1)
  3 rats (D:1)
14 creatures vanquished.

Vanquished Creatures (others)
  31 foxfires
31 creatures vanquished.

Grand Total: 45 creatures vanquished

Notes
Turn   | Place    | Note
-------+----------+-------------------------------------------
     0 | D:1      | BOMJPIETVODKU the Draconian Fire Elementalist began the
                  | quest for the Orb.
     0 | D:1      | Reached XP level 1. HP: 14/14 MP: 3/3
   379 | D:1      | Reached XP level 2. HP: 18/20 MP: 0/5
   788 | D:2      | Found a faded altar of an unknown god.
   816 | D:2      | Noticed Terence
   825 | D:2      | Slain by Terence

Illustrated notes

Levels and vault maps discovered:
D:1:      psy_arrival_radial01, layout_basic, minmay_heptomino_o4
D:2:      layout_basic, shapermc_ecumenical_altar_starsandcircs, uniq_terence

Action                   || total
-------------------------++-------
Melee: Unarmed           ||    11
       Tailslap          ||     2
       Short sword       ||     3
 Cast: Foxfire           ||    20
  Use: Scroll            ||     3
 Stab: Sleeping          ||     3
Armor: Skin              ||     1
Dodge: Dodged            ||    13
Block: Other             ||     1
